 Dungeon Crawl Stone Soup version 0.22-a0-402-ga933591 (webtiles) character file.

219 Borgoz the Covered (level 5, -2/34 HPs)
             Began as a Gargoyle Fighter on May 7, 2018.
             Slain by KristoblXynda's ghost (13 damage)
             ... on level 4 of the Dungeon.
             The game lasted 00:02:33 (2544 turns).

Borgoz the Covered (Gargoyle Fighter)               Turns: 2544, Time: 00:02:33

Health: -2/34      AC: 11    Str: 20    XL:     5   Next: 96%
Magic:  5/5        EV:  7    Int:  8    God:
Gold:   231        SH:  9    Dex: 10    Spells: 4/4 levels left

rFire    . . .     SeeInvis .   a - +0 flail
rCold    . . .     Gourm    .   c - +0 shield
rNeg     + . .     Faith    .   b - +0 scale mail
rPois    ∞         Spirit   .   (no helmet)
rElec    +         Reflect  .   (no cloak)
rCorr    .         Harm     .   (no gloves)
MR       .....                  (no boots)
Stlth    ..........             (no amulet)
HPRegen  0.11/turn              (no ring)
MPRegen  0.09/turn              (no ring)

@: no status effects
A: negative energy resistance 1, electricity resistance, unbreathing,
petrification resistance, rot immunity, AC +4
a: no special abilities


You were on level 4 of the Dungeon.
You were not hungry.

You visited 1 branch of the dungeon, and saw 4 of its levels.

You collected 231 gold pieces.

Inventory:

Hand Weapons
 a - a +0 flail (weapon)
Armour
 b - a +0 scale mail (worn)
 c - a +0 shield (worn)
Jewellery
 n - an uncursed ring of positive energy {unknown}
Wands
 k - a wand of disintegration (16)
Scrolls
 g - a scroll of amnesia {unknown}
 h - a scroll of identify {unknown}
 i - 3 scrolls of teleportation {unknown}
 j - 2 scrolls of blinking {unknown}
Potions
 d - a potion of magic {unknown}
 e - 2 potions of haste {unknown}
 l - 7 potions of curing {unknown}
 m - a potion of ambrosia {unknown}
 o - a potion of agility {unknown}
 p - 2 potions of lignification {unknown}
 r - a potion of invisibility {unknown}
Comestibles
 f - 5 rations


   Skills:
 + Level 4.4 Fighting
 + Level 3.4 Maces & Flails
 + Level 4.5 Armour
 + Level 4.5 Shields


You had 4 spell levels left.
You didn't know any spells.

Dungeon Overview and Level Annotations

Branches:
Dungeon (4/15)
 Temple: D:4-7

Altars:
Gozag
Ru
Yredelemnul

Annotations:
D:4 KristoblXynda's ghost, amateur TrWz


Innate Abilities, Weirdness & Mutations

You are resistant to torment.
Your stone body is resilient. (AC +4)
You are immune to poison.
You resist negative energy. (rN+)
You are resistant to electric shocks. (rElec)
You can survive without breathing.
You are immune to petrification.
You are immune to rotting.


Message History

Your shield prevents you from hitting Ijyb.
Ijyb is severely wounded.
KristoblXynda's ghost casts a spell at you.
The magic dart hits you! You block Ijyb's attack.
You hit Ijyb but do no damage.
Ijyb is severely wounded.
KristoblXynda's ghost hits you but does no damage.
Ijyb hits you but does no damage. KristoblXynda's ghost hits you.
Okay, then.
You hit Ijyb.
You kill Ijyb!
KristoblXynda's ghost hits you!
Items here: ! ) / [ † a dagger of venom; a leather armour; a wand of scattershot (3) a fuming golden potion; the goblin corpse of Ijyb You block KristoblXynda's ghost's attack.
KristoblXynda's ghost hits you!
There is a stone staircase leading up here.
KristoblXynda's ghost hits you!
You die...

.. .# .. ... .#
## ....### .# ...
.......###.##....
.....#.....?.....
#...@.........
....#...W)...###
. #...#).†....#
....#............
..# #.#......####
. ...#......# ...
......##
##.....###..
...... ##.


You could see KristoblXynda's ghost.

Vanquished Creatures
  Ijyb (D:4)
  A worker ant (D:3)
  4 gnolls (D:2)
  5 adders
  3 worms (D:2)
  3 dart slugs
  2 leopard geckos
  2 giant cockroaches (D:3)
  12 goblins
  4 hobgoblins
  10 jackals
  7 kobolds
  3 quokkas
  5 bats
  7 frilled lizards
  5 rats
74 creatures vanquished.

Notes
Turn   | Place    | Note
-------+----------+-------------------------------------------
     0 | D:1      | Borgoz the Gargoyle Fighter began the quest for the Orb.
     0 | D:1      | Reached XP level 1. HP: 14/14 MP: 1/1
   202 | D:1      | Reached XP level 2. HP: 19/19 MP: 2/2
   777 | D:2      | Reached XP level 3. HP: 22/23 MP: 3/3
  1082 | D:2      | Reached XP level 4. HP: 23/29 MP: 4/4
  1318 | D:2      | Reached XP level 5. HP: 16/33 MP: 5/5
  1938 | D:3      | Found a basalt altar of Yredelemnul.
  2042 | D:3      | Found an opulent altar of Gozag.
  2290 | D:3      | Found a sacrificial altar of Ru.
  2525 | D:4      | Noticed Ijyb
  2528 | D:4      | Noticed KristoblXynda's ghost (amateur TrWz)
  2540 | D:4      | Killed Ijyb
  2544 | D:4      | Slain by KristoblXynda's ghost

Vault maps used:
D:1:      saegor_arrival_simple_a
D:3:      yredelemnul_altar_generic, nicolae_ru_awakened_eye,
          nicolae_gozag_cash_rules_everything_around_me
D:4:      first_ration, serial_shops, shop, uniq_menkaure, uniq_ijyb,
          uniq_crazy_yiuf_cottage

Skill      XL: |  1  2  3  4 |
---------------+-------------+-----
Armour         | 4 |  4.5
Shields        | 4 |  4.5
Fighting       | 4 |  4.4
Maces & Flails | 3 |  3.4

Action                   |  1- 3 |  4- 6 || total
-------------------------+-------+-------++-------
Melee: Flail             |   146 |   136 ||   282
  Use: Potion            |       |     1 ||     1
  Eat: Chunk             |     1 |     5 ||     6
Armor: Scale mail        |   107 |    65 ||   172
Dodge: Dodged            |    53 |    39 ||    92
Block: Shield            |    90 |    78 ||   168

Table legend:
 A = Spawn XP
 B = Non-spawn XP
 C = Spawn XP percentage of total XP
 D = Spawn monster count
 E = Non-spawn monster count
 F = Spawn count percentage of total count
 G = Total turns spent on level
                    A         B        C        D         E        F      G
               +---------+---------+-------+---------+---------+-------+---------
         Total |       0 |     314 |   0.0 |       0 |      74 |   0.0 |  2544
               +---------+---------+-------+---------+---------+-------+---------
           D:1 |       0 |      25 |   0.0 |       0 |      16 |   0.0 |   692
           D:2 |       0 |     159 |   0.0 |       0 |      36 |   0.0 |  1202
           D:3 |       0 |      91 |   0.0 |       0 |      19 |   0.0 |   629
           D:4 |       0 |      39 |   0.0 |       0 |       3 |   0.0 |    21
               +---------+---------+-------+---------+---------+-------+---------
